Map: Dusty Gorge

Players

Kael

  • Race: Terran Terran
  • League: Gold
  • Spawn Location: 9:00

kratos

  • Race: Protoss Protoss
  • Spawn Location: 11:00

Cthulhu - Winner!

  • Race: Protoss Protoss
  • Spawn Location: 3:00

Throwfordays - Winner!

  • Race: Protoss Protoss
  • League: Silver
  • Spawn Location: 5:00

VOD

Have the link to the VOD?

Description

Time

  • Played on: Feb. 3, 2019, 9:55 p.m.
  • Length: 8:25
Show
View Real Time Build Order
Export as new Build Order

Kael Terran 

Build Orders: 2 Factory, Reaper Expand 

Get SALT Encoding   

  12  0:02  SCV  
  13  0:15  SCV  
  14  0:34  Supply Depot  
  14  0:36  SCV  
  15  0:55  SCV  
  15  0:57  Refinery  
  16  0:59  Barracks  
  16  1:17  SCV  
  17  1:39  SCV  
  18  1:47  Supply Depot  
  18  1:50  Reaper, Command Center  
  19  2:00  Supply Depot  
  19  2:03  SCV  
  20  2:20  SCV  
  19  3:13  Barracks Tech Lab  
  19  3:16  Factory  
  19  3:17  Orbital Command  
  19  3:18  Factory  
  19  3:22  Refinery  
  19  3:23  Orbital Command  
  19  3:32  Marine  
  20  3:50  Marine  
  21  4:07  Marine  
  21  4:18  Supply Depot  
  21  4:20  Supply Depot  
  21  4:21  Hellion x2  
  21  4:22  Supply Depot  
  25  4:25  Marine  
  26  4:43  Marine  
  26  4:44  Widow Mine x2  
  31  4:56  Barracks  
  31  5:07  Factory Tech Lab x2  
  31  5:19  Stimpack  
  31  5:20  Engineering Bay  
  31  5:27  Orbital Command  
  31  5:29  Siege Tank  
  31  5:32  Marauder  
  36  5:46  Barracks Reactor  
  36  5:53  Marauder  
  38  6:13  Hi-Sec Auto Tracking  
  38  6:20  Missile Turret  
  38  6:22  Missile Turret  
  38  6:25  Missile Turret  
  38  6:26  Missile Turret  
  38  6:47  Missile Turret x2  
  38  6:49  Marine  
  38  6:50  Marine, Missile Turret  
  38  6:51  Missile Turret  
  38  7:07  Marine x2  
  39  7:08  Orbital Command  
  36  7:25  Marine  
  16  7:57  Widow Mine  
  11  7:59  Widow Mine  
Show
View Real Time Build Order
Export as new Build Order

kratos Protoss 

Build Orders:  

Get SALT Encoding   

  1  0:00  Probe  
  13  0:20  Probe  
  14  0:33  Assimilator, Probe  
  15  0:36  Pylon  
  15  0:53  Probe  
  16  0:58  Gateway  
  16  1:01  Probe  
  16  1:03  Pylon  
  16  1:09  Probe  
  18  1:29  Probe  
  18  1:32  Assimilator  
  19  1:41  Probe  
  19  1:46  Cybernetics Core  
  20  2:01  Probe  
  21  2:09  Probe  
  21  2:10  Pylon  
  22  2:19  Probe  
  23  2:25  Stargate  
  23  2:30  Stargate  
  23  2:35  Shield Battery  
  23  2:39  Shield Battery  
  23  3:14  Fleet Beacon  
  23  3:23  Forge  
  23  3:28  Pylon  
  20  4:07  Tempest  
  25  4:25  Tempest  
Show
View Real Time Build Order
Export as new Build Order

Cthulhu Protoss - Winner!

Build Orders:  

Get SALT Encoding   

  1  0:00  Probe  
  12  0:06  Probe  
  14  0:16  Probe  
  15  0:27  Pylon  
  15  0:45  Gateway  
  15  0:49  Gateway  
  15  0:52  Assimilator  
  15  0:59  Assimilator  
  15  1:02  Probe  
  16  1:11  Probe  
  17  1:19  Probe  
  18  1:38  Cybernetics Core  
  18  1:40  Forge  
  18  1:45  Zealot  
  20  1:49  Probe  
  21  1:57  Zealot  
  23  2:12  Warp Gate  
  23  2:16  Pylon  
  23  2:37  Stargate  
  23  2:49  Probe  
  24  3:04  Probe  
  25  3:24  Fleet Beacon, Void Ray  
  29  3:28  Pylon  
  29  3:31  Probe  
  30  3:54  Probe  
  31  4:02  Tempest  
  31  4:06  Probe  
  37  4:34  Nexus  
  37  4:37  Pylon  
  37  4:40  Assimilator  
  37  4:44  Probe  
  37  4:45  Assimilator  
  38  5:00  Tempest  
  38  5:25  Probe  
  38  5:26  Stalker x2  
  43  5:45  Probe  
  40  6:25  Mothership  
  40  6:26  Twilight Council  
  40  6:34  Probe  
  49  6:42  Probe  
Show
View Real Time Build Order
Export as new Build Order

Throwfordays Protoss - Winner!

Build Orders:  

Get SALT Encoding   

  12  0:08  Probe  
  13  0:20  Probe  
  13  0:21  Pylon  
  14  0:32  Probe  
  15  0:41  Gateway  
  15  0:44  Probe  
  16  1:01  Gateway  
  16  1:07  Probe  
  16  1:11  Assimilator  
  17  1:19  Probe  
  18  1:28  Cybernetics Core  
  18  1:32  Probe  
  19  1:40  Warp Gate  
  19  1:44  Probe  
  20  1:54  Nexus  
  20  2:05  Probe  
  21  2:09  Assimilator  
  21  2:14  Pylon  
  21  2:19  Probe  
  22  2:31  Probe  
  23  2:38  Adept  
  23  2:39  Adept  
  27  2:52  Probe  
  28  3:04  Probe  
  29  3:06  Probe  
  30  3:14  Probe  
  30  3:16  Probe  
  32  3:24  Probe  
  33  3:28  Probe  
  34  3:36  Probe  
  34  3:38  Nexus  
  34  3:40  Probe  
  36  3:48  Probe  
  37  3:52  Probe  
  38  4:28  Probe  
  39  4:32  Stalker x2  
  39  4:36  Gateway  
  43  4:39  Gateway  
  43  4:40  Probe  
  43  4:41  Gateway  
  44  4:52  Probe  
  45  5:00  Pylon  
  45  5:04  Probe  
  46  5:16  Probe  
  47  5:32  Stalker x2  
  51  5:41  Pylon  
  51  5:48  Pylon  
  51  5:57  Stalker x2  
  51  5:58  Stalker x3  
  59  6:12  Gateway  
  59  6:21  Probe  
  59  6:23  Probe  
  61  6:26  Probe  
  61  6:29  Stalker x2  
  61  6:30  Stalker x3  
  72  6:33  Probe  
  72  6:36  Probe  
  74  6:45  Probe  
  75  6:48  Probe  
  76  6:56  Robotics Facility  
  76  6:57  Probe  
  76  6:58  Robotics Facility, Stalker x4  
  85  7:06  Pylon  
  85  7:08  Pylon  
  85  7:13  Pylon  
  85  7:22  Probe x2  
  81  7:34  Probe  
  72  7:53  Stalker x5  
  72  7:54  Stalker  
  82  8:17  Assimilator  
  83  8:21  Assimilator  
Tags
 
Add a new tag
Caveats
  • Supply blocks, unpowered buildings, or Contaminate may cause inaccurate times.
  • Supply counts are checked every 10 seconds.